 Dungeon Crawl Stone Soup version 0.22-a0-845-g8bfc27d406 (webtiles) character file.

9347 Htamos the Carver (level 11, 0/83 HPs)
             Began as a Vampire Fighter on July 26, 2018.
             Was a High Priest of Makhleb.
             Slain by an ettin
             ... wielding a +0 dire flail
              (40 damage)
             ... on level 9 of the Dungeon.
             The game lasted 00:37:53 (11949 turns).

Htamos the Carver (Vampire Fighter)                Turns: 11949, Time: 00:37:54

Health: 0/83       AC: 13    Str: 18    XL:     11   Next: 21%
Magic:  5/5        EV: 10    Int: 15    God:    Makhleb [*****.]
Gold:   255        SH:  0    Dex: 21    Spells: 10/10 levels left

rFire    . . .     SeeInvis +   P - +7 double sword (antimagic)
rCold    . . .     Gourm    .   (no shield)
rNeg     . . .     Faith    .   K - +0 plate armour
rPois    .         Spirit   .   (no helmet)
rElec    .         Reflect  .   (no cloak)
rCorr    .         Harm     .   o - +0 pair of gloves
MR       +....                  (no boots)
Stlth    ..........             A - amulet of rage
HPRegen  0.43/turn              g - ring of flight
MPRegen  0.09/turn              L - ring of Otumnoev {Int+5 Dex+6}

@: regenerating quickly
A: fangs 3, see invisible, unbreathing
a: Minor Destruction, Lesser Servant of Makhleb, Major Destruction, Greater
Servant of Makhleb, Renounce Religion, Evoke Berserk Rage, Evoke Flight


You were on level 9 of the Dungeon.
You worshipped Makhleb.
Makhleb was extremely pleased with you.
You were very full.

You visited 3 branches of the dungeon, and saw 12 of its levels.

You collected 785 gold pieces.
You spent 530 gold pieces at shops.

Inventory:

Hand Weapons
 a - a +0 long sword
 h - a +1 whip of electrocution
 r - a +0 dagger of electrocution
 t - a +0 trident of venom
 x - a +2 long sword of flaming
 y - a +0 short sword of draining
 B - a +0 eveningstar
 E - a +0 great sword
 I - the cursed +1 long sword "Fegaod" {freeze, rC+ Stlth+}
   (You bought it in a shop on level 1 of the Orcish Mines)

   It has been specially enchanted to freeze those struck by it, causing extra
   injury to most foes and up to half again as much damage against particularly
   susceptible opponents.
   It can also slow down cold-blooded creatures.
   It protects you from cold.
   It makes you more stealthy.
   It has a curse placed upon it.
 J - a +0 glaive
 M - a +0 broad axe
 P - a +7 antimagic double sword (weapon)
Missiles
 f - 310 stones
 k - 5 tomahawks of returning
 l - 5 javelins
 u - 3 throwing nets (quivered)
Armour
 b - a +0 scale mail
 c - a +1 shield
 n - a +0 chain mail
 o - a +0 pair of gloves (worn)
 D - a +0 pair of gloves
 K - a +0 plate armour (worn)
Magical Staves
 v - an uncursed staff of poison {unknown}
 C - an uncursed staff of summoning {unknown}
Jewellery
 g - a ring of flight (left hand)
 A - an amulet of rage (around neck)
 L - the ring of Otumnoev (right hand) {Int+5 Dex+6}
   (You found it on level 8 of the Dungeon)

   [ring of intelligence]

   It affects your intelligence (+5).
   It affects your dexterity (+6).
Wands
 e - a wand of iceblast (1)
 N - a wand of flame (36)
Scrolls
 d - 7 scrolls of teleportation
 m - 4 scrolls of fog
 q - 3 scrolls of identify
 s - 3 scrolls of immolation
 w - 3 scrolls of enchant armour
Potions
 i - 6 potions of curing
 j - 4 potions of flight
 p - 17 potions of blood
 z - a potion of ambrosia
 F - a potion of degeneration
 G - 2 potions of mutation
 H - 2 potions of brilliance


   Skills:
 + Level 6.6 Fighting
 * Level 9.6 Long Blades
 + Level 6.0 Armour
 + Level 7.1 Dodging
 - Level 5.0 Shields
 * Level 6.9 Invocations
 - Level 3.0 Evocations


You had 10 spell levels left.
You didn't know any spells.
Your spell library contained the following spells:

 Spells                   Type           Power        Failure   Level  Hunger
 Summon Small Mammal      Summ           #...         100%        1    ##.....
 Summon Ice Beast         Ice/Summ       #.......     100%        4    #####..
 Call Imp                 Summ           #.......     100%        2    ###....
 Spider Form              Tmut/Pois      #.........   100%        3    ####...
 Blade Hands              Tmut           #.........   100%        5    ######.
 Ice Form                 Ice/Tmut       #.......     100%        4    #####..
 Deflect Missiles         Chrm/Air       #.........   100%        6    #######
 Sticks to Snakes         Tmut           #.......     100%        2    ###....
 Call Canine Familiar     Summ           #.......     100%        3    ####...
 Silence                  Hex/Air        #.........   100%        5    ######.
 Conjure Ball Lightning   Conj/Air       #.........   100%        6    #######
 Tornado                  Air            #.........   100%        9    #######
 Beastly Appendage        Tmut           #.....       100%        1    ##.....
 Summon Lightning Spire   Summ/Air       #.......     100%        4    #####..
 Summon Guardian Golem    Hex/Summ       #.......     100%        3    ####...


Dungeon Overview and Level Annotations

Branches:
Dungeon (9/15)             Temple (1/1) D:4            Lair (0/6) D:9
    Orc (2/2) D:9
    Elf: Orc:2

Altars:
Ashenzari
Cheibriados
Dithmenos
Elyvilon
Fedhas
Gozag
Hepliaklqana
Kikubaaqudgha
Makhleb
Nemelex Xobeh
Okawaru
Qazlal
Ru
Sif Muna
Trog
Uskayaw
Vehumet
Wu Jian
Xom
Yredelemnul
Zin
The Shining One
Beogh

Shops:
D:5 *   D:7 %   D:9 %   Orc:1 (

Annotations:
D:9 Gastronok


Innate Abilities, Weirdness & Mutations

Your natural rate of healing is unusually fast.
You have razor-sharp teeth.
You have supernaturally acute eyesight. (SInv)
You can survive without breathing.


Message History

Your orange demon stings the ettin from afar!
The ettin looks as sick as possible!
Your orange demon poisons the ettin!
There is an open door, spattered with blood here.
Things that are here:
a ring mail; a mace
Okay, then.
There is an open door here.
There is an open door, spattered with blood here.
Things that are here:
a ring mail; a mace
There is an open door here.
There is an open door, spattered with blood here.
Things that are here:
a ring mail; a mace The ettin looks more healthy.
You slash the ettin!
The ettin is almost dead.
Your orange demon disappears in a puff of smoke!
The ettin hits you but does no damage. The ettin hits you with a great mace!!!
You die...

##..# ##....###. ###############
##....... # #......>......#
##...... # #.......[.....#
#.....# # #...⌠.._..⌠...###
##...## #......4......#.# ##...#
### #....[.84.....#.# ##.....
#.## ###8[8#####8'8##.####......
##..###....§4..C@.......##.[.....
#....####..####.........)........
#.......#.###.####......([[[.....
#..............# ###....)#)).....
#........>......# #....###(...###
#...########.....#...### ##...#
..### ###.....## #..## ..# #...#
#.(# .## ##.# #.##


You could see an ettin and a friendly orange demon.

Vanquished Creatures
  An orc high priest (D:9)
  Pikel (D:4)
  A human (D:8)
  6 yaks (D:8)
  3 hogs (D:8)
  A hungry ghost (D:9)
  4 wargs
  A water moccasin (D:8)
  5 ice beasts
  9 orc warriors
  A necrophage (D:8)
  7 ogres
  2 slaves (D:4)
  A phantom (D:3)
  6 centaurs
  A big kobold (D:7)
  7 bullfrogs
  A gnoll sergeant (D:5)
  A wyvern skeleton (D:8)
  3 scorpions
  13 killer bees
  4 wights
  4 howler monkeys
  2 bullfrog zombies
  12 crimson imps
  A quasit (D:6)
  A hound (D:7)
  9 orc priests
  A bullfrog skeleton (D:9)
  2 gnoll shamans
  2 jellies (D:7)
  An iguana (D:6)
  8 worker ants
  7 orc wizards
  A killer bee zombie (D:8)
  2 hound zombies (D:6)
  4 hound skeletons
  A worker ant zombie (D:9)
  24 gnolls
  11 adders
  A shadow imp (D:5)
  An ooze (D:3)
  2 adder zombies (D:8)
  2 adder skeletons
  A worm (D:3)
  A dart slug (D:3)
  5 leopard geckos
  47 orcs
  A ball python (D:2)
  7 giant cockroaches
  5 goblins
  9 hobgoblins
  11 jackals
  3 bats
  4 frilled lizards
  A jackal zombie (D:8)
  10 kobolds
  A leopard gecko skeleton (D:5)
  A quokka skeleton (D:9)
  A quokka zombie (D:6)
  5 rats
291 creatures vanquished.

Vanquished Creatures (others)
  An ogre (D:5)
  A crimson imp (D:5)
  2 orcs (D:5)
4 creatures vanquished.

Grand Total: 295 creatures vanquished

Notes
Turn   | Place    | Note
-------+----------+-------------------------------------------
     0 | D:1      | Htamos the Vampire Fighter began the quest for the Orb.
     0 | D:1      | Reached XP level 1. HP: 17/17 MP: 1/1
   380 | D:1      | Reached XP level 2. HP: 12/23 MP: 2/2
  1382 | D:2      | Reached skill level 1 in Dodging
  1481 | D:2      | Reached XP level 3. HP: 26/28 MP: 3/3
  2415 | D:2      | Reached skill level 3 in Long Blades
  2415 | D:2      | Reached XP level 4. HP: 20/35 MP: 4/4
  3015 | D:3      | Found an ancient bone altar of Kikubaaqudgha.
  3757 | D:4      | Reached XP level 5. HP: 41/41 MP: 5/5
  3849 | D:4      | Noticed a phantom
  3921 | D:3      | Killed a phantom
  3921 | D:3      | Reached skill level 4 in Long Blades
  3921 | D:3      | Reached XP level 6. HP: 41/47 MP: 6/6
  4328 | D:4      | Found a staircase to the Ecumenical Temple.
  4349 | Temple   | Entered the Ecumenical Temple
  4388 | Temple   | Became a worshipper of Makhleb the Destroyer
  4710 | D:5      | Entered Level 5 of the Dungeon
  4710 | D:5      | Found Sacyqob's Assorted Antiques.
  4710 | D:5      | Noticed Pikel
  4710 | D:5      | Noticed a slave
  4710 | D:5      | Noticed a slave
  4712 | D:5      | Noticed a slave
  4714 | D:5      | Noticed a slave
  4739 | D:4      | Killed a slave
  4753 | D:4      | Killed a slave
  4981 | D:4      | Killed Pikel
  4981 | D:4      | Reached skill level 5 in Long Blades
  4981 | D:4      | Reached XP level 7. HP: 47/54 MP: 7/7
  5286 | D:5      | Reached XP level 8. HP: 38/61 MP: 8/8
  5693 | D:5      | Reached skill level 1 in Invocations
  5830 | D:5      | Reached skill level 6 in Long Blades
  6005 | D:5      | Reached * piety under Makhleb
  6538 | D:6      | Reached skill level 5 in Fighting
  6538 | D:6      | Reached XP level 9. HP: 66/68 MP: 11/11
  6604 | D:6      | Found an ornate altar of the Wu Jian Council.
  6613 | D:6      | Reached skill level 5 in Shields
  6613 | D:6      | Reached skill level 1 in Evocations
  6741 | D:5      | Reached skill level 7 in Long Blades
  7047 | D:6      | Reached skill level 5 in Dodging
  7128 | D:7      | Reached ** piety under Makhleb
  7221 | D:7      | Found Leumem's Food Emporium.
  7384 | D:7      | Found a stormy altar of Qazlal.
  7669 | D:7      | Found a sacrificial altar of Ru.
  7670 | D:7      | Found an iron altar of Okawaru.
  7923 | D:7      | Found a sparkling altar of Nemelex Xobeh.
  8517 | D:8      | Reached skill level 5 in Armour
  8571 | D:8      | Reached skill level 8 in Long Blades
  8571 | D:8      | Reached XP level 10. HP: 47/75 MP: 13/13
  8688 | D:8      | Reached skill level 5 in Invocations
  8697 | D:8      | Reached *** piety under Makhleb
  8844 | D:8      | Got a heavily runed lead ring
  8854 | D:8      | Found a sparkling altar of Nemelex Xobeh.
  9241 | D:8      | Identified the ring of Otumnoev {Int+5 Dex+6} (You found it on level 8 of the Dungeon)
  9548 | D:9      | Found a staircase to the Lair.
  9548 | D:9      | Noticed Gastronok
  9747 | D:8      | Reached skill level 9 in Long Blades
  9757 | D:8      | Reached **** piety under Makhleb
 10108 | D:9      | Found Anuyfy's Food Emporium.
 10402 | D:8      | Reached XP level 11. HP: 55/83 MP: 15/15
 10762 | D:8      | Reached ***** piety under Makhleb
 10866 | D:9      | Found a roughly hewn altar of Beogh.
 10866 | D:9      | Found a staircase to the Orcish Mines.
 11025 | Orc:1    | Entered Level 1 of the Orcish Mines
 11046 | Orc:1    | Found Feney's Antique Weapon Boutique.
 11054 | Orc:1    | Bought a crystal long sword for 170 gold pieces
 11054 | Orc:1    | Bought a glowing double sword for 360 gold pieces
 11055 | Orc:1    | Identified the cursed +1 long sword "Fegaod" {freeze, rC+ Stlth+} (You bought it in a shop on level 1 of the Orcish Mines)
 11094 | Orc:1    | Noticed an orc high priest
 11119 | D:9      | Killed an orc high priest
 11369 | Orc:2    | Entered Level 2 of the Orcish Mines
 11371 | Orc:2    | Noticed an ettin
 11949 | D:9      | Slain by an ettin

Vault maps used:
D:1:      dpeg_arrival_stone_temple_mockup
D:2:      first_ration
D:3:      kiku_gazebo_garden_becter
D:4:      wad_pebble_path, minmay_temple_entry_glassed_door
D:5:      serial_shops, shop_coins, uniq_pikel
D:6:      nicolae_overflow_crystal_walls
D:7:      marbit_many_paths, grunt_temple_overflow_open,
          overflow_temple_1_default, serial_shops, shop
D:8:      cheibrodos_ideogram_h, basic_altar, grunt_livestock
D:9:      erik_lair_orcish_takeover, david_orc_5, serial_shops, shop,
          uniq_gastronok
Temple:   nicolae_temple_x_marks_the_god
Orc:1:    serial_shops, shop_statue
Orc:2:    grunt_orc_tribal_feast, serial_shops, nicolae_shop_crystal,
          nicolae_orc_rockfall

Skill      XL: |  1  2  3  4  5  6  7  8  9 10 11 |
---------------+----------------------------------+-----
Dodging        | 1 2 3 4 5 6 7 |  7.1
Fighting       | 3 4 5 6 |  6.6
Shields        | 3 4 5 |  5.0
Long Blades    | 3 4 5 6 8 9 |  9.6
Armour         | 3 4 5 6 |  6.0
Invocations    | 3 4 6 |  6.9
Evocations     | 2 3 |  3.0

Action                   |  1- 3 |  4- 6 |  7- 9 | 10-12 || total
-------------------------+-------+-------+-------+-------++-------
Melee: Long sword        |    86 |   228 |   231 |       ||   545
       Bite              |     9 |    26 |    40 |    75 ||   150
       Whip              |       |       |    44 |       ||    44
       Great sword       |       |       |   151 |   362 ||   513
       Double sword      |       |       |       |    41 ||    41
Invok: Lesser Servant of |       |       |       |     3 ||     3
Evoke: Wand              |       |     2 |     2 |    14 ||    18
  Use: Scroll            |     1 |     5 |     4 |     8 ||    18
       Potion            |     3 |    26 |    21 |    23 ||    73
 Stab: Paralysed         |       |       |     8 |    18 ||    26
  Eat: Corpse            |     1 |       |       |       ||     1
Armor: Scale mail        |    16 |       |       |       ||    16
       Chain mail        |    13 |   102 |   172 |       ||   287
       Skin              |       |    42 |       |       ||    42
       Plate armour      |       |       |    30 |   294 ||   324
Dodge: Dodged            |    28 |    50 |   195 |   266 ||   539
Block: Shield            |    35 |   122 |   157 |       ||   314
       Rpst.: Long sword |    11 |    23 |    16 |       ||    50
       Great sword       |       |       |    34 |    84 ||   118
       Double sword      |       |       |       |    10 ||    10

Table legend:
 A = Spawn XP
 B = Non-spawn XP
 C = Spawn XP percentage of total XP
 D = Spawn monster count
 E = Non-spawn monster count
 F = Spawn count percentage of total count
 G = Total turns spent on level
                    A         B        C        D         E        F      G
               +---------+---------+-------+---------+---------+-------+---------
         Total |       0 |   13353 |   0.0 |       0 |     289 |   0.0 | 11949
               +---------+---------+-------+---------+---------+-------+---------
           D:1 |       0 |      51 |   0.0 |       0 |      16 |   0.0 |  1652
           D:2 |       0 |      91 |   0.0 |       0 |      18 |   0.0 |  1343
           D:3 |       0 |     255 |   0.0 |       0 |      19 |   0.0 |   839
           D:4 |       0 |     864 |   0.0 |       0 |      12 |   0.0 |  1237
           D:5 |       0 |    1228 |   0.0 |       0 |      38 |   0.0 |  1341
           D:6 |       0 |    1405 |   0.0 |       0 |      25 |   0.0 |  1042
           D:7 |       0 |     915 |   0.0 |       0 |      26 |   0.0 |   987
           D:8 |       0 |    5569 |   0.0 |       0 |      65 |   0.0 |  1656
           D:9 |       0 |    2220 |   0.0 |       0 |      54 |   0.0 |   995
         Orc:1 |       0 |     752 |   0.0 |       0 |      15 |   0.0 |   800
         Orc:2 |       0 |       3 |   0.0 |       0 |       1 |   0.0 |    11
               +---------+---------+-------+---------+---------+-------+---------
